Map: New Repugnancy LE

Players

Piroxiljin - Winner!

  • Race: Terran Terran
  • Spawn Location: 1:00

VOD

Have the link to the VOD?

Description

Time

  • Played on: Jan. 26, 2019, 12:45 p.m.
  • Length: 38:50
Show
View Real Time Build Order
Export as new Build Order

Piroxiljin Terran - Winner!

Build Orders:  

Get SALT Encoding   

  12  0:02  SCV  
  13  0:19  SCV  
  14  0:30  Supply Depot  
  14  0:36  SCV  
  15  1:00  SCV  
  15  1:03  Barracks  
  16  1:15  Barracks  
  16  1:18  SCV  
  17  1:35  SCV  
  18  1:52  SCV  
  19  2:04  Supply Depot  
  19  2:09  SCV  
  20  2:26  SCV  
  21  2:30  Barracks  
  21  2:31  Marine  
  22  2:47  Refinery  
  22  2:49  Orbital Command  
  22  2:51  Refinery  
  22  2:56  Marine  
  23  3:25  SCV  
  24  3:56  Barracks Reactor  
  24  3:58  Marine  
  24  4:23  Marine  
  25  4:33  Barracks  
  25  4:47  Marine x2  
  25  4:48  Marine  
  28  5:11  SCV  
  29  5:24  Barracks Tech Lab  
  29  5:28  SCV, Factory  
  29  5:29  Marine  
  31  5:46  Supply Depot  
  31  5:47  Supply Depot  
  31  5:51  Barracks Tech Lab  
  31  6:12  Concussive Shells  
  31  6:16  SCV, Marauder, Marine  
  31  6:19  Supply Depot, Unknown  
  35  6:21  Marauder  
  37  6:33  SCV  
  38  6:46  Marine x2  
  40  6:51  Marauder  
  42  7:10  Engineering Bay  
  42  7:25  Siege Tank  
  45  7:30  Barracks Tech Lab  
  45  7:44  SCV  
  46  8:01  SCV  
  44  8:18  SCV  
  45  8:35  Marine x2  
  45  8:38  Siege Tank  
  50  8:44  Marauder  
  52  8:57  Factory  
  52  9:01  Supply Depot  
  52  9:03  SCV  
  52  9:06  Supply Depot x2  
  52  9:07  Supply Depot  
  53  9:10  Marine  
  54  9:20  SCV  
  54  9:22  Command Center  
  55  9:31  Siege Tank  
  55  9:35  Marine  
  43  10:00  Marauder  
  43  10:01  Terran Infantry Weapons Level 1  
  45  10:26  Barracks Tech Lab  
  45  10:30  Marauder  
  45  10:35  Siege Tank  
  45  10:39  Cyclone  
  53  10:43  Marine x2  
  55  11:00  Marauder  
  55  11:01  SCV  
  55  11:06  Factory  
  55  11:07  Marauder  
  60  11:18  SCV  
  61  11:20  Siege Tank x2  
  61  11:29  Armory  
  61  11:37  Marauder  
  63  11:41  Marine  
  63  11:42  Marine  
  63  11:43  Marauder  
  67  12:26  Widow Mine  
  67  12:27  Marauder x2, Marine x2  
  67  12:29  Siege Tank  
  78  12:44  SCV  
  79  12:56  Widow Mine  
  79  12:59  Siege Tank x2  
  79  13:01  SCV  
  82  13:18  SCV, Refinery  
  82  13:19  Refinery  
  82  13:35  SCV  
  83  13:52  SCV  
  84  14:18  Orbital Command  
  84  14:21  SCV  
  84  14:26  Marauder x2  
  84  14:27  Marine x2  
  84  14:29  Cyclone x2  
  97  14:38  SCV  
  92  14:55  SCV  
  82  15:07  Missile Turret  
  78  15:14  Siege Tank  
  78  15:18  Unknown  
  81  15:32  Marauder x2  
  81  15:34  Cyclone  
  88  15:46  SCV  
  89  15:59  Cyclone  
  92  16:03  SCV  
  93  16:19  Supply Depot x2  
  93  16:20  SCV  
  93  16:21  Supply Depot  
  93  16:29  Factory  
  94  16:31  Terran Vehicle Weapons Level 1  
  94  16:34  Terran Infantry Armor Level 1, Supply Depot  
  94  16:37  SCV  
  95  16:54  SCV  
  95  16:55  Cyclone  
  99  17:04  Factory Tech Lab  
  99  17:39  SCV  
  100  17:40  Cyclone  
  100  17:42  Factory Tech Lab  
  103  17:52  Thor  
  103  17:53  Thor  
  103  17:56  SCV  
  112  18:25  Cyclone  
  106  18:49  Missile Turret  
  106  18:59  Widow Mine  
  106  19:02  Marauder x2  
  106  19:05  Cyclone x2  
  106  19:06  Siege Tank x2  
  119  19:15  SCV  
  122  19:32  SCV, Marine x2  
  122  19:37  Command Center  
  122  19:39  Siege Tank  
  128  19:48  Starport  
  128  19:49  SCV  
  129  19:50  Siege Tank  
  106  21:11  Starport Tech Lab  
  106  21:54  Missile Turret  
  106  21:56  Medivac  
  108  22:02  Cyclone  
  108  22:03  Cyclone, Thor  
  108  22:04  Siege Tank  
  108  22:07  SCV  
  124  22:10  SCV  
  124  22:16  Refinery  
  125  22:24  SCV  
  125  22:27  SCV  
  127  22:38  Medivac  
  125  22:41  SCV  
  125  22:44  SCV  
  125  22:47  Siege Tank  
  107  23:39  Siege Tank x2  
  113  23:40  Cyclone x2  
  119  24:24  Cyclone  
  122  24:50  Viking  
  122  24:58  Siege Tank  
  122  24:59  Thor  
  133  25:04  Marine  
  133  25:05  Marine x3  
  133  25:09  SCV  
  137  25:26  SCV  
  137  25:29  Marine x2  
  139  25:30  Marine  
  139  25:32  Viking  
  139  25:35  Supply Depot x2  
  139  25:37  Supply Depot  
  139  25:39  Supply Depot  
  143  25:43  SCV  
  143  25:47  Refinery  
  144  25:52  Terran Infantry Weapons Level 2  
  144  26:00  SCV  
  145  26:14  Raven  
  145  26:17  SCV  
  148  26:34  SCV  
  149  27:14  Raven  
  151  27:35  Siege Tank x9  
  151  27:36  Thor x2  
  158  29:01  Hellion  
  158  29:02  Hellion x2  
  158  29:04  Siege Tank  
  165  29:31  Siege Tank, Thor  
  165  29:32  Thor  
  165  29:37  Siege Tank x7  
  180  30:24  Siege Tank  
  180  30:25  Siege Tank  
  146  31:20  Siege Tank  
  146  31:21  Siege Tank x2  
  146  31:27  Marauder, Marine  
  146  31:28  Marauder, Marine  
  164  31:31  Thor  
  170  31:40  SCV  
  171  31:57  SCV  
  172  32:09  Command Center  
  172  32:14  SCV  
  173  32:25  Unknown  
  176  32:31  SCV  
  170  33:25  Unknown  
  170  33:34  Siege Tank x4  
  170  33:54  SCV  
  171  34:11  SCV  
  172  34:28  SCV  
  166  36:33  Siege Tank x3  
  164  36:59  Siege Tank  
  164  37:00  Siege Tank x6  
Tags
 
Add a new tag
Caveats
  • Supply blocks, unpowered buildings, or Contaminate may cause inaccurate times.
  • Supply counts are checked every 10 seconds.